 Dungeon Crawl Stone Soup version 0.22.1-1-ga44c0e5 (webtiles) character file.

1601 aMcNicky the Cleaver (level 8, -4/77 HPs)
             Began as a Hill Orc Fighter on Oct 5, 2018.
             Was a Follower of Yredelemnul.
             Killed by divine providence
             ... invoked by an orc priest
              (15 damage)
             ... on level 6 of the Dungeon on Oct 6, 2018.
             The game lasted 00:25:35 (6235 turns).

aMcNicky the Cleaver (Hill Orc Fighter)             Turns: 6235, Time: 00:25:36

Health: -4/77      AC: 10    Str: 21    XL:     8   Next: 94%
Magic:  10/10      EV:  7    Int:  8    God:    Yredelemnul [*.....]
Gold:   404        SH:  9    Dex: 10    Spells: 7/7 levels left

rFire    . . .     SeeInvis .   i - +0 broad axe
rCold    + . .     Gourm    .   c - +0 shield
rNeg     . . .     Faith    .   b - +0 scale mail
rPois    .         Spirit   .   r - +0 helmet
rElec    .         Reflect  .   s - +1 cloak {+Inv}
rCorr    .         Harm     .   (no gloves)
MR       .....                  (no boots)
Stlth    ..........             G - amulet of rage
HPRegen  0.22/turn              q - ring of flight
MPRegen  0.12/turn              E - ring of protection from cold

@: lethally poisoned (-4 -> -4), very slightly contaminated
A: no striking features
a: Animate Remains, Renounce Religion, Convert to Beogh, Evoke Berserk Rage,
Evoke Invisibility, Evoke Flight


You were on level 6 of the Dungeon.
You worshipped Yredelemnul.
Yredelemnul was aware of your devotion.
You were not hungry.

You visited 2 branches of the dungeon, and saw 8 of its levels.
You also visited: Ossuary.

You collected 404 gold pieces.

Inventory:

Hand Weapons
 a - a +0 war axe
 i - a +0 broad axe (weapon)
 j - a +0 hand axe of chopping
Missiles
 g - 163 stones (quivered)
Armour
 b - a +0 scale mail (worn)
 c - a +0 shield (worn)
 r - a +0 helmet (worn)
 s - a +1 cloak of invisibility (worn)
Jewellery
 q - a ring of flight (left hand)
 C - an uncursed ring of flight
 E - a ring of protection from cold (right hand)
 G - an amulet of rage (around neck)
Wands
 t - a wand of paralysis (16)
 F - a wand of enslavement (15)
Scrolls
 e - 2 scrolls of fog
 n - 2 scrolls of amnesia
 o - 2 scrolls of identify {@r1}
 p - 2 scrolls of magic mapping {unknown}
 v - a scroll of remove curse {@r2}
 w - a scroll of holy word {unknown}
 x - a scroll of blinking
 y - a scroll of teleportation
 B - a scroll of immolation {unknown}
Potions
 d - 2 potions of curing {unknown}
 h - a potion of magic {unknown}
 k - 2 potions of haste
 l - 2 potions of degeneration {unknown}
 m - a potion of resistance {unknown}
 u - 3 potions of flight
 z - 2 potions of brilliance {unknown}
 A - 3 potions of agility
Comestibles
 f - 10 rations
 D - a chunk of flesh


   Skills:
 + Level 8.9 Fighting
 + Level 9.1 Axes
 + Level 4.8 Armour
 + Level 4.8 Shields
 + Level 2.9 Invocations
 + Level 0.7 Evocations


You had 7 spell levels left.
You didn't know any spells.
Your spell library contained the following spells:

 Spells                   Type           Power        Failure   Level  Hunger
 Animate Skeleton         Necr           N/A          99%         1    ##.....
 Apportation              Tloc           #.....       99%         1    ##.....
 Confusing Touch          Hex            #.....       99%         1    ##.....
 Sandblast                Erth           #.....       99%         1    ##.....
 Summon Small Mammal      Summ           #...         99%         1    ##.....
 Passwall                 Tmut/Erth      #.......     99%         2    ###....
 Stone Arrow              Conj/Erth      #.....       100%        3    ####...
 Petrify                  Tmut/Erth      #.......     100%        4    #####..
 Lee's Rapid Deconstruct  Erth           #.........   100%        5    ######.


Dungeon Overview and Level Annotations

Branches:
Dungeon (7/15)             Temple (1/1) D:5

Altars:
Fedhas
Hepliaklqana
Kikubaaqudgha
Nemelex Xobeh
Okawaru
Qazlal
Uskayaw
Vehumet
Yredelemnul
The Shining One

Annotations:
D:3 3 runed doors, brandon's ghost, amateur DEFE
D:6 3 runed doors, buskinjo's ghost, novice OpCK


Message History

You feel sick.
You climb upwards.
Level annotation: 3 runed doors, buskinjo's ghost, novice OpCK
There is a stone staircase leading down here.
You start resting.
You feel sick. x2
An orc wizard comes into view. It is wielding a dagger.
An orc wizard is nearby!
You feel sick.
You feel sick.
An orc priest comes into view. It is wielding a falchion.
The orc priest shouts!
Blink to where?
Press: ? - help, Dir - move target cursor
As you read the scroll of blinking, it crumbles to dust.
There is a stone staircase leading up here.
You feel sick.
The orc priest calls down the wrath of Beogh upon you.
Beogh smites you!
You die...
Your body rises from the dead as a mindless zombie.

##.##.............).#
##.#...###...######.###
..)#.#####.#.## #.....#
##).....##.#..###.#.#.#
.#.#....##.##.#.....#.#
...#........#.........#
............##...##.###
.......#....##...##.#
.......#....##..@##.#
#...#.......###.....#
...##.......# #..##.#
.####....#######....#
.........#....##.##.#
.....#...#.##.##.##.#
.....'..............#
.....#####.##.#o....#####
.....### #.##.o§.......(#


You could see an orc priest.

Vanquished Creatures
  Sigmund (D:2)
  An ice beast (D:6)
  A phantom (D:7)
  2 elf zombies (Ossuary)
  A bullfrog (D:6)
  A scorpion (D:4)
  3 killer bees (D:7)
  A crimson imp (D:6)
  2 hounds (D:4)
  2 orc priests
  Crazy Yiuf (D:2)
  7 orc wizards
  A centaur skeleton (D:7)
  Jessica (D:3)
  Terence (D:3)
  2 iguanas
  5 worker ants
  2 big kobold zombies (Ossuary)
  A hound skeleton (D:6)
  4 mummies (Ossuary)
  3 gnolls
  2 adders (D:3)
  A shadow imp (D:6)
  An adder zombie (D:6)
  2 worms
  A dart slug (D:2)
  4 leopard geckos
  23 orcs
  5 bats
  4 giant cockroaches
  A gnoll zombie (Ossuary)
  5 goblins
  3 hobgoblins
  4 quokkas
  A frilled lizard (D:2)
  3 hobgoblin zombies (Ossuary)
  5 kobolds
  A kobold zombie (Ossuary)
  A leopard gecko skeleton (D:4)
  2 orc zombies (Ossuary)
  5 rats
  A rat zombie (Ossuary)
118 creatures vanquished.

Vanquished Creatures (others)
  2 fungi (D:6)
  2 plants (D:6)
4 creatures vanquished.

Grand Total: 122 creatures vanquished

Notes
Turn   | Place    | Note
-------+----------+-------------------------------------------
     0 | D:1      | aMcNicky the Hill Orc Fighter began the quest for the Orb.
     0 | D:1      | Reached XP level 1. HP: 19/19 MP: 1/1
   190 | D:1      | Reached skill level 3 in Axes
   242 | D:1      | Reached XP level 2. HP: 21/27 MP: 2/2
   828 | D:2      | Noticed Sigmund
   836 | D:2      | Killed Sigmund
   836 | D:2      | Reached skill level 5 in Fighting
   836 | D:2      | Reached skill level 6 in Axes
   836 | D:2      | Reached XP level 3. HP: 22/36 MP: 3/3
   836 | D:2      | Reached XP level 4. HP: 26/42 MP: 4/4
   836 | D:2      | Reached XP level 5. HP: 30/48 MP: 5/5
   981 | D:2      | Found a runed door.
  1544 | D:2      | Noticed Crazy Yiuf
  1548 | D:2      | Killed Crazy Yiuf
  1738 | D:2      | Reached XP level 6. HP: 45/56 MP: 6/6
  1906 | D:3      | Found a runed gate.
  1915 | D:3      | Found a runed gate.
  1915 | D:3      | Found a runed gate.
  1916 | D:3      | Noticed brandon's ghost (amateur DEFE)
  2086 | D:3      | Reached skill level 7 in Axes
  2227 | D:3      | Noticed Jessica
  2234 | D:3      | Killed Jessica
  2319 | D:3      | Noticed Terence
  2335 | D:3      | Killed Terence
  2423 | D:4      | Found a hide-covered altar of Uskayaw.
  2423 | D:4      | Found a stormy altar of Qazlal.
  2762 | D:4      | Reached skill level 8 in Axes
  2762 | D:4      | Reached XP level 7. HP: 20/63 MP: 7/7
  2883 | D:4      | Found a sand-covered staircase.
  2888 | Ossuary  | Entered an ossuary
  3862 | D:5      | Entered Level 5 of the Dungeon
  3942 | D:5      | Found a staircase to the Ecumenical Temple.
  3979 | Temple   | Entered the Ecumenical Temple
  3996 | Temple   | Became a worshipper of Yredelemnul the Dark
  4220 | D:5      | Reached XP level 8. HP: 56/74 MP: 8/8
  4438 | D:5      | Found a sparkling altar of Nemelex Xobeh.
  4438 | D:5      | Found an ancient bone altar of Kikubaaqudgha.
  4688 | D:5      | Found an iron altar of Okawaru.
  5044 | D:5      | Found a glowing golden altar of the Shining One.
  5155 | D:6      | Found a runed gate.
  5155 | D:6      | Found a runed gate.
  5155 | D:6      | Found a runed gate.
  5155 | D:6      | Noticed buskinjo's ghost (novice OpCK)
  5355 | D:6      | Reached skill level 1 in Invocations
  5916 | D:6      | Reached * piety under Yredelemnul
  6142 | D:7      | Reached skill level 9 in Axes
  6235 | D:6      | Killed from afar by an orc priest

Skill      XL: |  1  2  3  4  5  6  7  8 |
---------------+-------------------------+-----
Axes           | 3 6 8 9 |  9.1
Fighting       | 5 6 8 |  8.9
Armour         | 4 |  4.8
Shields        | 4 |  4.8
Invocations    | 2 |  2.9
Evocations     | |  0.7

Action                   |  1- 3 |  4- 6 |  7- 9 || total
-------------------------+-------+-------+-------++-------
Melee: War axe           |    15 |       |       ||    15
       Hand axe          |    42 |   145 |    93 ||   280
       Broad axe         |       |       |   157 ||   157
Throw: Stone             |     7 |       |       ||     7
  Use: Potion            |     1 |     1 |       ||     2
       Scroll            |       |       |    13 ||    13
  Eat: Chunk             |       |     6 |     1 ||     7
       Ration            |       |       |     3 ||     3
Armor: Scale mail        |    16 |    44 |    94 ||   154
Dodge: Dodged            |     7 |    39 |    50 ||    96
Block: Shield            |    26 |    59 |   121 ||   206
